Map: Oblivion Express

Players

Rezlin

  • Race: Terran Terran
  • Spawn Location: 12:00

medaka

  • Race: Zerg Zerg
  • Spawn Location: 0:00

VOD

Have the link to the VOD?

Description

Time

  • Played on: April 3, 2025, 6:47 p.m.
  • Length: 23:46
Show
View Real Time Build Order
Export as new Build Order

Rezlin Terran 

Build Orders:  

Get SALT Encoding   

  12  0:07  SCV  
  13  0:23  SCV  
  14  0:30  Refinery  
  14  0:33  Refinery  
  14  0:40  SCV  
  14  0:49  Supply Depot  
  15  0:58  SCV  
  16  1:15  SCV  
  17  1:32  SCV  
  18  1:49  SCV  
  19  2:08  Command Center  
  19  2:09  SCV  
  20  2:26  SCV  
  21  2:33  Supply Depot  
  21  2:43  SCV  
  22  2:52  Barracks  
  22  3:00  SCV  
  23  3:17  SCV  
  24  3:26  Neosteel Frame  
  24  3:28  Engineering Bay  
  24  3:29  Engineering Bay  
  24  3:35  Barracks Tech Lab  
  24  3:39  SCV  
  25  3:48  Unknown  
  25  3:56  SCV  
  25  3:57  SCV  
  27  4:09  Barracks Tech Lab  
  27  4:14  Factory  
  27  4:17  Structure Armor  
  27  4:19  SCV  
  28  4:23  SCV  
  29  4:42  SCV  
  30  5:08  SCV  
  30  5:09  SCV  
  32  5:21  Terran Infantry Weapons Level 1, Terran Infantry Armor Level 1  
  32  5:23  Advanced Siege Tech  
  32  5:25  SCV x2  
  34  5:38  Unknown, Stabilizer Medpacks  
  34  5:40  Starport  
  34  5:45  Barracks  
  34  5:54  Armory  
  34  5:55  Armory  
  34  6:22  Refinery x2  
  34  6:23  SCV x2  
  36  6:40  SCV x2  
  36  6:48  Barracks Tech Lab  
  38  7:02  Advanced Optics  
  38  7:03  Afterburners  
  38  7:08  Factory Reactor  
  44  7:10  SCV x2  
  40  7:26  SCV  
  40  7:27  SCV  
  40  7:29  Phobos Weapons System  
  42  7:31  Concussive Shells  
  42  7:33  Incinerator Gauntlets  
  42  7:41  Marine  
  42  7:42  Marine  
  44  7:52  Marine  
  45  8:01  Unknown  
  45  8:09  Terran Infantry Armor Level 2, Terran Infantry Weapons Level 2  
  45  8:12  SCV  
  46  8:23  Supply Depot  
  46  8:26  Supply Depot, SCV  
  46  8:28  Supply Depot  
  46  8:29  Supply Depot, Ripwave Missiles, SCV  
  48  8:30  Supply Depot  
  48  8:31  Juggernaut Plating  
  48  8:33  Supply Depot  
  48  8:35  Command Center  
  48  8:36  Supply Depot  
  48  8:38  Supply Depot  
  48  8:43  SCV  
  48  8:46  SCV  
  50  9:00  SCV  
  51  9:13  Terran Vehicle and Ship Weapons Level 1, Terran Vehicle And Ship Armor Level 1  
  51  9:20  Orbital Command x2  
  51  9:31  Unknown  
  51  9:42  Missile Turret  
  51  9:52  Bunker  
  51  9:58  Missile Turret  
  51  10:01  Bunker  
  51  10:15  Bunker  
  51  10:17  Missile Turret  
  51  10:59  Marine x2  
  51  11:09  Marine  
  68  11:10  Marine  
  53  11:19  Unknown, Marine  
  55  11:20  Marine  
  70  11:30  Marine x2, Orbital Command  
  57  11:32  Siege Tank  
  62  11:40  Marine x2  
  62  11:47  Terran Infantry Armor Level 3, Terran Infantry Weapons Level 3  
  64  11:50  Marine x2  
  64  11:52  Siege Tank  
  69  12:00  Marine x2  
  71  12:13  Siege Tank  
  71  12:14  Marine x2  
  76  12:24  Marine x2, Terran Vehicle And Ship Armor Level 2  
  76  12:25  Terran Vehicle and Ship Weapons Level 2  
  78  12:34  Marine x2  
  80  12:44  Marine  
  80  13:19  Marauder, Firebat  
  80  13:25  Advanced Optics  
  83  13:31  Medic  
  83  13:32  Firebat  
  82  13:42  Marauder  
  82  13:44  Firebat  
  86  13:54  Medic  
  86  13:57  Firebat  
  86  13:58  Banshee  
  90  14:05  Marauder  
  90  14:09  Medic  
  95  14:17  Marauder  
  97  14:20  Firebat  
  97  14:26  Banshee  
  97  14:29  Medic  
  104  14:33  Firebat  
  108  14:40  Marine  
  108  14:45  Marine  
  108  14:48  Supply Depot  
  110  14:50  Supply Depot  
  110  14:51  Marauder, Supply Depot  
  110  14:53  Supply Depot  
  110  14:54  Banshee  
  110  14:55  Supply Depot, Firebat  
  110  14:57  Supply Depot  
  110  14:59  Supply Depot  
  117  15:02  Supply Depot  
  117  15:04  Marauder  
  117  15:05  Supply Depot  
  117  15:08  Firebat  
  119  15:16  Marauder  
  123  15:21  Firebat, Viking  
  123  15:27  Unknown  
  123  15:29  Marauder  
  127  15:34  Firebat  
  131  15:40  Viking  
  131  15:42  Firebat  
  131  15:46  Marauder  
  137  15:55  Firebat  
  137  15:59  Banshee  
  139  16:05  Supply Depot, Terran Vehicle And Ship Armor Level 3, Terran Vehicle and Ship Weapons Level 3  
  142  16:21  Medic x2  
  142  16:26  Banshee  
  149  16:31  Medic x2  
  153  16:41  Medic x2  
  157  16:51  Medic  
  157  16:52  Medic  
  157  16:54  Viking  
  163  17:01  Medic  
  163  17:02  Medic  
  167  17:12  Marauder, Firebat  
  167  17:13  Viking  
  173  17:25  Firebat, Marauder  
  171  17:31  Banshee  
  171  17:32  Siege Tank  
  171  17:37  Firebat  
  171  17:38  Marauder  
  176  17:50  Firebat, Marauder  
  176  17:53  Starport  
  176  17:59  Viking  
  181  18:17  Missile Turret  
  181  18:18  Banshee  
  184  18:45  Viking  
  186  18:57  SCV x3  
  189  19:04  Viking  
  191  19:14  SCV x3  
  194  19:31  SCV x2  
  196  20:01  SCV  
  196  20:06  SCV x2  
  197  22:07  Marauder  
  198  22:22  Marine  
  198  22:25  Marine  
  199  22:33  Marine  
Show
View Real Time Build Order
Export as new Build Order

medaka Zerg 

Build Orders:  

Get SALT Encoding   

  12  0:03  Drone  
  13  0:11  Drone  
  14  0:25  Overlord  
  14  0:52  Drone  
  14  0:53  Drone x4  
  14  0:59  Drone  
  20  1:08  Drone  
  21  1:22  Drone  
  22  1:30  Roach Warren  
  22  1:31  Drone  
  22  1:42  Overlord  
  22  2:15  Roach  
  22  2:17  Drone x3  
  22  2:18  Spine Crawler  
  26  2:20  Spine Crawler  
  26  2:24  Drone  
  26  2:28  Drone  
  27  2:39  Extractor  
  26  2:40  Drone  
  26  2:41  Extractor  
  26  3:05  Drone  
  26  3:07  Hatchery  
  26  3:13  Drone x2  
  26  3:17  Drone  
  29  3:21  Drone  
  29  3:29  Overlord  
  30  4:16  Overlord  
  30  4:19  Overlord  
  30  4:55  Hatchery  
  29  5:04  Drone  
  29  5:05  Drone x8  
  29  5:06  Drone x3  
  41  5:14  Drone x2  
  43  5:23  Drone x2  
  45  5:40  Drone x2  
  45  5:41  Drone  
  45  5:43  Drone x2  
  50  5:59  Drone x3  
  37  6:00  Drone  
  54  6:12  Glial Reconstitution  
  54  6:17  Drone  
  55  6:23  Extractor  
  54  6:43  Lair  
  54  6:44  Extractor  
  54  6:46  Overlord x2  
  53  7:12  Evolution Chamber  
  53  7:13  Evolution Chamber  
  51  7:25  Queen x2  
  51  7:26  Queen  
  51  7:44  Roach x3  
  63  7:57  Roach x2  
  63  7:58  Roach x2  
  63  7:59  Roach  
  71  8:00  Zerg Missile Weapons Level 1  
  71  8:01  Zerg Ground Armor Level 1  
  71  8:16  Roach x2  
  71  8:18  Overlord  
  75  8:21  Brutalisk  
  75  8:22  Queen, Roach x4  
  75  8:23  Queen x2  
  75  8:32  Roach x3  
  75  8:33  Overlord  
  75  8:34  Overlord  
  75  8:40  Ravager x4  
  75  8:47  Bloated Bile Ducts  
  85  8:50  Ravager x3  
  88  9:07  Roach x2  
  88  9:08  Roach  
  94  9:34  Overlord x2  
  94  9:35  Overlord x2  
  94  9:47  Overseer  
  94  9:48  Overseer x3, Infestation Pit  
  93  9:50  Overlord  
  93  10:08  Queen x3  
  93  10:09  Hydriodic Bile  
  93  10:21  Roach  
  93  10:22  Roach x3  
  93  10:24  Bio-Mechanical Transfusion  
  93  10:28  Incubation Chamber  
  99  10:38  Queen  
  99  10:39  Ravager  
  100  10:40  Ravager x3  
  100  10:41  Roach  
  107  11:09  Overlord  
  107  11:10  Overlord x2  
  107  11:11  Overseer  
  107  11:12  Overseer  
  107  11:20  Zerg Missile Weapons Level 2, Roach x2  
  107  11:23  Zerg Ground Armor Level 2  
  105  11:34  Roach x2  
  105  11:35  Roach x3  
  105  11:38  Ravager x2  
  105  11:39  Roach x2  
  121  12:19  Ravager  
  121  12:23  Brutalisk  
  120  13:12  Queen x2  
  120  13:25  Hive  
  120  13:26  Overlord x2  
  120  13:27  Overlord x3  
  120  13:28  Overseer x3  
  120  13:30  Roach  
  120  13:31  Roach x2  
  130  14:21  Potent Bile  
  130  14:29  Zerg Missile Weapons Level 3  
  130  14:30  Zerg Ground Armor Level 3  
  128  15:41  Queen x2  
  128  15:42  Queen x2  
  128  15:58  Roach x2  
  136  16:12  Adaptive Plating  
  136  16:20  Brutalisk x2  
  134  17:42  Queen  
  134  18:02  Roach  
  134  18:03  Queen  
  134  18:13  Roach  
  134  18:15  Roach  
  134  18:18  Ravager  
  134  18:22  Brutalisk  
  134  18:24  Brutalisk, Ravager  
  134  18:27  Brutalisk  
  134  18:28  Brutalisk  
  132  18:35  Brutalisk  
  132  18:37  Brutalisk  
  132  18:48  Brutalisk  
  132  18:53  Roach  
  132  19:15  Brutalisk  
  132  19:43  Ravager  
  132  19:47  Brutalisk  
  131  20:13  Roach  
  131  20:35  Brutalisk  
  131  21:02  Ravager  
  131  21:06  Brutalisk  
  130  22:08  Roach x3  
  136  22:14  Ravager x2  
  136  22:18  Brutalisk x2  
  134  22:36  Queen  
  134  23:03  Ravager  
  134  23:07  Brutalisk  
  133  23:21  Brutalisk  
Tags
 
Add a new tag
Caveats
  • Supply blocks, unpowered buildings, or Contaminate may cause inaccurate times.
  • Supply counts are checked every 10 seconds.